 Dungeon Crawl Stone Soup version 0.17-a0-1778-gd369669 (webtiles) character file.

180 ololoev the Poker (level 5, -3/41 HPs)
             Began as a Draconian Skald on Sept 8, 2015.
             Was a Follower of the Shining One.
             Slain by Grinder (4 damage)
             ... on level 4 of the Dungeon.
             The game lasted 00:06:32 (2990 turns).

ololoev the Poker (Draconian Skald)                 Turns: 2990, Time: 00:06:32

Health: -3/41      AC:  6    Str: 16    XL:     5   Next: 33%
Magic:  1/8        EV: 12    Int: 12    God:    the Shining One [*.....]
Gold:   141        SH:  0    Dex: 12    Spells: 2 memorised, 5 levels left

rFire  . . .     SeeInvis .     a - +0 spear (pierce)
rCold  . . .     Clarity  .     (armour unavailable)
rNeg   . . .     SustAt   .     (no shield)
rPois  .         Gourm    .     (helmet restricted)
rElec  .         Spirit   .     g - +0 cloak
rCorr  .         Warding  .     (no gloves)
rMut   .         Stasis   .     (no boots)
MR     .....                    (no amulet)
Stlth  +.........               p - ring of flight
                                l - +2 ring of strength

@: singing (expiring), glowing, not resistant to hostile enchantments, very
unstealthy
A: unfitting armour, cold-blooded, AC +5
a: Renounce Religion, Stop Singing, Evoke Flight


Innate Abilities, Weirdness & Mutations

Your plain brown scales are hard (AC +5).
Your body does not fit into most forms of armour.
You are cold-blooded and may be slowed by cold attacks.

Inventory:

Hand weapons
 a - a +0 spear of piercing (weapon)
Armour
 e - a +2 shield
 g - a +0 cloak (worn)
Jewellery
 l - a +2 ring of strength (left hand)
 p - a ring of flight (right hand)
 r - an uncursed ring of sustain attributes {unknown}
Magical devices
 t - a wand of digging (11)
 x - a wand of flame (44)
Scrolls
 d - 2 scrolls of remove curse {unknown}
 f - 2 scrolls of noise {unknown}
 h - a scroll of random uselessness {unknown}
 i - a scroll of blinking {unknown}
 j - a scroll of recharging {unknown}
 k - 6 scrolls of identify {unknown}
 n - a scroll of teleportation {unknown}
Potions
 m - 2 potions of invisibility {unknown}
 o - 2 potions of haste {unknown}
 q - a potion of flight {unknown}
 v - a potion of heal wounds {unknown}
 z - a potion of poison
Books
 b - a book of Battle

   Spells                             Type                      Level
   a - Infusion                       Charms                       1
   b - Shroud of Golubria             Charms/Translocation         2
   c - Song of Slaying                Charms                       2
   d - Spectral Weapon                Hexes/Charms                 3
   e - Regeneration                   Charms/Necromancy            3
Comestibles
 c - 3 bread rations
 s - a slice of pizza
 u - 2 meat rations


   Skills:
 - Level 2.1 Fighting
 + Level 5.6 Polearms
 - Level 1.3 Dodging
 - Level 2.0 Spellcasting
 - Level 2.6 Charms


You had 5 spell levels left.
You knew the following spells:

 Your Spells              Type           Power        Failure   Level  Hunger
a - Infusion              Chrm           #.....       12%         1    ##.....
b - Song of Slaying       Chrm           #.......     14%         2    ###....


You were on level 4 of the Dungeon.
You worshipped the Shining One.
The Shining One was aware of your devotion.
You were not hungry.

You visited 1 branch of the dungeon, and saw 4 of its levels.

You collected 141 gold pieces.

.#.######.. #.### .#.#
#...# .#.##### ###.#
.(.....# #### #.#
.......# ..# #.#
.#.###.###.## #.# #.#
..<...........##.###.#
....#..### #..5.....#
.......### ####@#####
.#.........#####o#
.......###.5....o#
......###..Z######
####### #... #... #...
#... Zo.>

Notes
Turn   | Place    | Note
--------------------------------------------------------------
     0 | D:1      | ololoev the Draconian Skald began the quest for the Orb.
     0 | D:1      | Reached XP level 1. HP: 17/17 MP: 3/3
   689 | D:1      | Found a glowing golden altar of the Shining One.
   695 | D:1      | Reached XP level 2. HP: 21/24 MP: 5/5
   702 | D:1      | Became a worshipper of the Shining One
   764 | D:1      | Learned a level 2 spell: Song of Slaying
   778 | D:1      | Reached skill level 3 in Polearms
  1225 | D:2      | Reached XP level 3. HP: 26/29 MP: 4/6
  1768 | D:2      | Reached skill level 4 in Polearms
  1894 | D:2      | Reached XP level 4. HP: 36/36 MP: 5/7
  2102 | D:3      | Noticed Robin
  2141 | D:3      | Killed Robin
  2284 | D:3      | Noticed Sigmund
  2379 | D:3      | Noticed Natasha
  2379 | D:3      | Acquired the Shining One's first power
  2394 | D:3      | Killed Natasha
  2394 | D:3      | Reached skill level 5 in Polearms
  2545 | D:3      | Reached XP level 5. HP: 41/41 MP: 4/8
  2615 | D:3      | Noticed Natasha
  2620 | D:3      | Killed Natasha
  2818 | D:3      | Noticed Natasha
  2824 | D:3      | Killed Natasha
  2954 | D:4      | Noticed Grinder
  2968 | D:4      | Paralysed by Grinder for 3 turns
  2982 | D:4      | HP: 2/41 [Grinder (2)]
  2985 | D:4      | The Shining One protects you from harm!
  2985 | D:4      | The Shining One protects you from harm!
  2988 | D:4      | HP: 2/41 [Grinder/nerve-wracking pain (1)]
  2990 | D:4      | Slain by Grinder

Dungeon Overview and Level Annotations

Branches:
Dungeon (4/15)
 Temple: D:4-7

Altars:
The Shining One

Annotations:
D:3 Sigmund
D:4 Grinder


Message History

You feel better.
Your song is almost over.
Grinder hits you.
You writhe in agony.
The orc closely misses you.
You closely miss Grinder.
Your tail-slap misses Grinder.
Grinder is severely wounded.
Grinder hits you! The Shining One protects you from harm!
You writhe in agony.
The Shining One protects you from harm!
You hit Grinder.
Your tail-slap misses Grinder.
Grinder is almost dead.
The orc misses you.
Grinder gestures.
Grinder blinks!
Attack whom?
Press: ? - help, Dir - move target cursor, f - Grinder
Aim: Grinder (almost dead)
You reach to attack!
You barely miss Grinder.
Grinder is almost dead.
The orc closely misses you.
Attack whom?
Press: ? - help, Dir - move target cursor, f/p - Grinder
Aim: Grinder (almost dead)
You reach to attack!
You closely miss Grinder.
Grinder is almost dead.
Grinder gestures at you. Pain shoots through your body!
The orc hits you but does no damage.
Attack whom?
Press: ? - help, Dir - move target cursor, f/p - Grinder
Aim: Grinder (almost dead)
You reach to attack!
You hit Grinder.
Grinder is almost dead.
The orc hits you with a vampiric dagger.
Attack whom?
Press: ? - help, Dir - move target cursor, f/p - Grinder
Aim: Grinder (almost dead, haloed)
You hit Grinder but do no damage.
Grinder is almost dead.
Grinder hits you.
You die...

You could see Grinder and 2 orcs.

Vanquished Creatures
  Natasha (thrice) (D:3)
  A hound skeleton (D:4)
  Robin (D:3)
  3 adders
  A worm (D:3)
  3 orcs
  4 bats
  10 goblins
  12 hobgoblins
  7 jackals
  8 kobolds
  3 quokkas (D:3)
  6 giant cockroaches
  3 giant newts
  35 rats
100 creatures vanquished.

Action                   |  1- 3 |  4- 6 || total
-------------------------+-------+-------++-------
Melee: Spear             |   179 |   132 ||   311
 Cast: Song of Slaying   |     6 |     5 ||    11
       Infusion          |     1 |    10 ||    11
  Use: Potion            |       |     4 ||     4
 Stab: Sleeping          |     2 |       ||     2
  Eat: Chunk             |     4 |     4 ||     8

Vault maps used:
D:1:      dpeg_arrival_castle, tso_altar
D:2:      roderic_serpentine_path, minmay_rats_cheesy_pizza
D:3:      uniq_sigmund, uniq_robin, uniq_natasha
D:4:      first_bread, uniq_grinder
